[Event "II Open Internacional Ateneo Marítimo (60 Aniversario)"]
[Site "C/La reina 68 (Valencia), Spain"]
[Date "2018.09.15"]
[Round "4.1"]
[White "Nieves Cabanes, Jose Manuel"]
[Black "Plaskett, H James"]
[Result "0-1"]
[TimeControl "7m+3s por jugada"]
[WhiteFideId "22245715"]
[BlackFideId "400238"]
[WhiteElo "2278"]
[BlackElo "2450"]

1. Nf3 Nf6 2. c4 c5 3. g3 e6 4. Bg2 d5 5. cxd5 Nxd5 6. O-O Nc6 7. Nc3 Be7 8. b3 O-O 9. Bb2 Bf6 10. Qc1 Nxc3 11. Bxc3 e5 12. Qb2 Nd4 13. d3 Bg4 14. Rfe1 Qd7 15. b4 Bxf3 16. exf3 cxb4 17. Bxb4 e4 18.
Bc3 exf3 19. Bf1 Rac8 20. Rac1 Rfe8 21. Bxd4 Bxd4 22. Rxc8 Rxc8 23. Qb3 g6 24. Re4 Rc1 25. Rf4 Kg7 26. Rxf3 b5 27. Kg2 a5 28. Be2 a4 29. Qa3 Rc2 30.
Qb4 Rxe2 31. Rf4 Qd5+ 32. Kh3 Rxf2 0-1

[Event "II Open Internacional Ateneo Marítimo (60 Aniversario)"]
[Site "C/La reina 68 (Valencia), Spain"]
[Date "2018.09.15"]
[Round "4.2"]
[White "Garcia, Jhoel"]
[Black "Campos Gambuti, Luis Maria"]
[Result "1/2-1/2"]
[TimeControl "7m+3s por jugada"]
[WhiteFideId "3801110"]
[BlackFideId "2226979"]
[WhiteElo "2250"]
[BlackElo "2382"]

1. d4 b6 2. c4 e6 3. Nf3 Bb7 4. g3 d5 5. Bg2 dxc4 6. Na3 Bxa3 7. Qa4+ Nd7 8. Qxa3 Ne7 9.
O-O h6 10. Qc3 b5 11. b3 Nb6 12. a4 a6 13.
a5 Nbd5 14. Qc2 c3 15. Ne5 O-O 16. Nd3 b4 17. Rd1 Rb8 18. e4 Nf6 19. Nxb4 Bxe4 20. Bxe4 Nxe4 21. Nxa6 Qd5 22. Nxb8 Rxb8 23. a6 Nc6 24. f3 Nd6 25. a7 Ra8 26. Qxc3 Rxa7 27. Rxa7 Nxa7 28. Bf4 Nab5 29. Qd3 Nf5 30. Be5 f6 31. Bf4 Nfxd4 32. Kg2 c6 33. Ra1 Qxb3 34.
Ra8+ Kf7 35. Qxb3 Nxb3 36. Be3 N3d4 37. Bxd4 Nxd4 38. Ra7+ Kg6 39. Kf2 e5 40. g4 h5 41. h3 h4 42. Ke3 Ne6 43.
Ra6 Nf4 44. Rxc6 Nxh3 45. Rc8 Nf4 46. Rh8 h3 47. Kf2 Kf7 48. Kg3 g6 49. Rh7+ Ke6 50. Rh8 f5 51. Re8+ Kf7 52. Rh8 Kf6 53. Rf8+ Kg5 54. gxf5 gxf5 55. Re8 Kf6 56.
Ra8 Kf7 57. Ra6 Ke7 58. Rh6 Kf7 59. Rd6 Ke7 60. Rh6 Kf7 61. Ra6 Kg7 62. Ra5 Kf6 63. Ra8 Kg5 64. Rg8+ Kf6 65. Rh8 Kg5 1/2-1/2

[Event "II Open Internacional Ateneo Marítimo (60 Aniversario)"]
[Site "C/La reina 68 (Valencia), Spain"]
[Date "2018.09.15"]
[Round "4.3"]
[White "Granero Roca, Antonio"]
[Black "Carbonell Sancho, Marc"]
[Result "0-1"]
[TimeControl "7m+3s por jugada"]
[WhiteFideId "2210509"]
[BlackFideId "32029969"]
[WhiteElo "2370"]
[BlackElo "2051"]

1. Nf3 Nf6 2. g3 g6 3. Bg2 Bg7 4. O-O O-O 5. c4 d6 6. Nc3 Nc6 7. d3 e5 8. a3 a5 9. Rb1 h6 10.
Ne1 Be6 11. Nd5 Rb8 12. Nc2 Nd7 13.
b4 axb4 14. axb4 f5 15. b5 Ne7 16. Ncb4 Nc5 17. Bd2 Kh7 18.
Qc2 Ng8 19. Ra1 h5 20. h4 f4 21. Nc3 Qd7 22. Nbd5 Bh3 23. Ne4 Bxg2 24. Kxg2 Nxe4 25. dxe4 Qg4 26. Qd3 Bf6 27. Nxc7 Bxh4 28. Qf3 Qd7 29. gxh4 Qxc7 30. Bb4 Nf6 31. Qd3 Rbd8 32. f3 Rg8 33. Rg1 Qb6 34. Ba5 Qc5 35. Bxd8 Rxd8 36. Rgd1 g5 37. Qa3 Qb6 38.
c5 Qxb5 39. Rd3 gxh4 40. Qa5 Rg8+ 41. Kf2 Qb2 42. Qa2 Qb4 43.
Rc1 Rg7 44. Qb3 Nxe4+ 45. fxe4 Qxe4 46. Rf3 Qd4+ 47. e3 Qd2+ 48. Kf1 Qxc1+ 49. Ke2 Rg2+ 50. Kd3 Rg7 51. Ke4 Qxc5 52. Qe6 Qc6+ 53. Qd5 Qxd5+ 54. Kxd5 Rg3 0-1

[Event "II Open Internacional Ateneo Marítimo (60 Aniversario)"]
[Site "C/La reina 68 (Valencia), Spain"]
[Date "2018.09.15"]
[Round "4.4"]
[White "Cebrian Martinez, Antonio"]
[Black "Valmana Canto, Jaime"]
[Result "0-1"]
[TimeControl "7m+3s por jugada"]
[WhiteFideId "2231646"]
[BlackFideId "2268990"]
[WhiteElo "1955"]
[BlackElo "2340"]

1. e4 e6 2. f4 d5 3. e5 c5 4. Nf3 Nc6 5. d3 Nh6 6.
c3 Be7 7. Be2 Nf5 8. O-O h5 9. Na3 b6 10. Nc2 d4 11. Nd2 Bb7 12. Ne4 Qd7 13. c4 h4 14. Bf3 O-O-O 15. Qe2 f6 16. exf6 gxf6 17. Bd2 Rdg8 18. Rae1 h3 19. g3 Nh4 20. Bh1 Ng2 21. Bxg2 hxg2 22.
Rf2 f5 23. Ng5 Bxg5 24. fxg5 Rxh2 25. Rxg2 Rxg2+ 26. Kxg2 Ne5+ 27. Kf1 Qc6 28. Qh2 Ng4 0-1

[Event "II Open Internacional Ateneo Marítimo (60 Aniversario)"]
[Site "C/La reina 68 (Valencia), Spain"]
[Date "2018.09.15"]
[Round "4.5"]
[White "Cruz Lledo, Pablo"]
[Black "Diaz Velandia, Jose Manuel"]
[Result "1-0"]
[TimeControl "7m+3s por jugada"]
[WhiteFideId "2297361"]
[BlackFideId "3901939"]
[WhiteElo "2436"]
[BlackElo "2368"]

1. d4 d5 2. g3 c6 3. Bg2 g6 4.
Nf3 Bg7 5. O-O Nf6 6. b3 O-O 7. Bb2 Ne4 8. c4 Nd7 9. Nc3 Nxc3 10. Bxc3 Nb6 11. c5 Nd7 12. b4 Qc7 13. Qb3 e5 14. dxe5 Nxe5 15. Nxe5 Bxe5 16. Qb2 Re8 17. Bf3 Bh3 18. Rfd1 Rad8 19. a4 Bxc3 20. Qxc3 Qe5 21. Qxe5 Rxe5 22. Rd4 Bf5 23. b5 Rde8 24. Ra3 Be4 25. bxc6 bxc6 26. Rb3 Bxf3 27. exf3 Re1+ 28. Kg2 Rc1 29. Rb7 a5 30. Rf4 f5 31.
g4 Rf8 32. g5 Rxc5 33. Rh4 Rf7 34. Rxf7 Kxf7 35. Rxh7+ Kg8 36. Ra7 d4 37. Kf1 Rc2 38. Rxa5 c5 39.
Ra8+ Kf7 40. Rd8 Ke7 41. Rd5 Ke6 42. Rd8 Ke5 43. h4 Kf4 44. Kg2 Rc3 45.
a5 Ra3 46. Rd6 d3 47. Rxg6 c4 48.
Rc6 Ke5 49. f4+ Kd4 50. g6 Rxa5 51. g7 Ra8 52. h5 c3 53. h6 Rg8 54. Kh2 d2 55. h7 Kd5 56. hxg8=Q+ 1-0

[Event "II Open Internacional Ateneo Marítimo (60 Aniversario)"]
[Site "C/La reina 68 (Valencia), Spain"]
[Date "2018.09.15"]
[Round "4.6"]
[White "Kovacevic, Slobodan"]
[Black "Remolar Gallen, Jose"]
[Result "1-0"]
[TimeControl "7m+3s por jugada"]
[WhiteFideId "902152"]
[BlackFideId "2215187"]
[WhiteElo "2252"]
[BlackElo "2321"]

1. d4 g6 2. e4 d6 3. c3 Nf6 4. Qc2 Bg7 5. Nf3 O-O 6.
Be2 c6 7. O-O Qc7 8. a4 e5 9. dxe5 dxe5 10. a5 Nh5 11.
Re1 Nf4 12. Bf1 Bg4 13. Nfd2 Nd7 14. Nc4 b5 15. Ne3 Be6 16. b4 a6 17. c4 Qb7 18. c5 f5 19. Nd2 Rae8 20. Bb2 Qc7 21. Rad1 Nh5 22. Be2 f4 23. Ng4 Nhf6 24. Nxf6+ Bxf6 25. h3 h5 26. Nf3 Bf7 27. Rd2 g5 28. Red1 Rd8 29. Nh2 Rfe8 30. Rd3 Nf8 31. Rd6 Be7 32. Rxd8 Rxd8 33. Rd2 Bf6 34. Qd1 Rxd2 35. Qxd2 Qd7 36. Qc2 Ne6 37. Nf3 Nd4 38. Bxd4 exd4 39. e5 Bg7 40. Nxg5 Bxe5 41. Qh7+ Kf8 42. Bxh5 d3 43. Qxf7+ Qxf7 44. Nxf7 Bc3 45. Nd8 Bxb4 46. Nxc6 Bxc5 47. Nb8 Bb4 48. Nxa6 Bxa5 49. Nc5 d2 50. Ne6+ Ke7 51. Nxf4 Kd6 52. Kf1 Ke5 53. g3 Kd4 54. Bd1 Kc3 55. Ke2 b4 56.
Nd5+ Kd4 57. Ne3 Kc3 58.
Nf1 b3 1-0

[Event "II Open Internacional Ateneo Marítimo (60 Aniversario)"]
[Site "C/La reina 68 (Valencia), Spain"]
[Date "2018.09.15"]
[Round "4.7"]
[White "Fenollar Jorda, Manuel"]
[Black "Ribera Cebolla, Marc"]
[Result "1-0"]
[TimeControl "7m+3s por jugada"]
[WhiteFideId "2217104"]
[BlackFideId "22238999"]
[WhiteElo "2342"]
[BlackElo "2123"]

1. d4 Nf6 2. Nf3 e6 3.
e3 c5 4. Bd3 b6 5. c3 Bb7 6.
Nbd2 Be7 7. e4 d6 8. O-O Nbd7 9. Re1 cxd4 10. cxd4 Nf8 11. Qa4+ N6d7 12. Nf1 a6 13. Be3 Ng6 14. Rec1 O-O 15. Qd1 Ra7 16. Rc2 Qa8 17. N3d2 Bf6 18. Rac1 Bd8 19.
f3 Kh8 20. Nc4 Be7 21. Ncd2 Bd8 22. b4 f5 23. exf5 exf5 24. Bc4 Bd5 25. Bf2 Nf4 26. Ne3 Bxc4 27. Ndxc4 Nd5 28. Nxd6 Nxb4 29. Rc8 Nb8 30. Qb3 1-0

[Event "II Open Internacional Ateneo Marítimo (60 Aniversario)"]
[Site "C/La reina 68 (Valencia), Spain"]
[Date "2018.09.15"]
[Round "5.1"]
[White "Plaskett, H James"]
[Black "Valmana Canto, Jaime"]
[Result "1-0"]
[TimeControl "7m+3s por jugada"]
[WhiteFideId "400238"]
[BlackFideId "2268990"]
[WhiteElo "2450"]
[BlackElo "2340"]

1. Nf3 Nf6 2. c4 g6 3. Nc3 Bg7 4. g3 O-O 5. Bg2 d6 6. O-O e5 7. d3 c6 8. Rb1 Re8 9. Bg5 h6 10. Bxf6 Qxf6 11. b4 Nd7 12. b5 Nc5 13. Nd2 Bd7 14. bxc6 bxc6 15. Na4 Ne6 16. Rb7 Bc8 17. Rb1 Bd7 18. Nb3 Qe7 19.
Na5 Nd8 20. Nc3 Rc8 21. Qc2 f5 22.
Rfd1 h5 23. e3 h4 24. d4 hxg3 25.
hxg3 exd4 26. exd4 Ne6 27. d5 Nd4 28. Rxd4 Bxd4 29. dxc6 Be6 30. Nd5 Qg5 31. Qd3 Bg7 32.
Nf4 Bf7 33. Nb7 Be5 34. Nxd6 Red8 35. Nxf7 Kxf7 36. Nd5 Bg7 37. Qe2 Rxc6 38. Rb7+ Kf8 39. f4 Bd4+ 40. Kf1 1-0

[Event "II Open Internacional Ateneo Marítimo (60 Aniversario)"]
[Site "C/La reina 68 (Valencia), Spain"]
[Date "2018.09.15"]
[Round "5.2"]
[White "Carbonell Sancho, Marc"]
[Black "Cruz Lledo, Pablo"]
[Result "0-1"]
[TimeControl "7m+3s por jugada"]
[WhiteFideId "32029969"]
[BlackFideId "2297361"]
[WhiteElo "2051"]
[BlackElo "2436"]

1. e4 c6 2. d4 d5 3. Nc3 dxe4 4. Nxe4 Nf6 5. Nxf6+ exf6 6. c3 Bd6 7. Bd3 O-O 8. Qc2 Re8+ 9. Ne2 g6 10. Be3 Nd7 11. O-O-O f5 12. h4 Nf6 13. Bg5 Be7 14. Nf4 Ne4 15. Bxe7 Qxe7 16. h5 g5 17. Nh3 Bd7 18. Rhe1 Qf6 19. Kb1 Nd6 20. f3 h6 21. Nf2 Rxe1 22. Rxe1 Re8 23. Rxe8+ Bxe8 24. Qe2 Qe6 25. Kc2 Bd7 26. b3 Qxe2+ 27. Bxe2 f4 28. Bd3 f5 29. Nh1 Kf7 30. c4 Kf6 31. c5 Ne8 32. Be2 g4 33. Nf2 Kg5 34. Kd3 Be6 35. fxg4 fxg4 36. Ke4 f3 37. gxf3 g3 38. f4+ Kf6 39. f5 Bxf5+ 40. Kf3 gxf2 41. Kxf2 Kg5 42. b4 Nc7 43. a4 a6 44. Ke3 Nd5+ 0-1

[Event "II Open Internacional Ateneo Marítimo (60 Aniversario)"]
[Site "C/La reina 68 (Valencia), Spain"]
[Date "2018.09.15"]
[Round "5.3"]
[White "Campos Gambuti, Luis Maria"]
[Black "Kovacevic, Slobodan"]
[Result "0-1"]
[TimeControl "7m+3s por jugada"]
[WhiteFideId "2226979"]
[BlackFideId "902152"]
[WhiteElo "2382"]
[BlackElo "2252"]

1. d4 Nf6 2. Nf3 e6 3. b3 c5 4. dxc5 Bxc5 5. e3 b6 6. Bb2 Bb7 7. a3 O-O 8. c4 a6 9. Nc3 Be7 10. Be2 d6 11. O-O Nbd7 12. Nd4 Rc8 13. Bf3 Qc7 14. a4 Rfd8 15.
Bxb7 Qxb7 16. a5 bxa5 17.
Rxa5 Ra8 18. Qc2 Rdb8 19. Ba3 Rc8 20.
Rb1 h6 21. Qd2 Nc5 22. Qe2 Bd8 23.
Rxc5 dxc5 24. Nf3 Rab8 25. Qc2 Ba5 26. Na4 Bb4 27. Bb2 Ne4 28. Ne5 Rd8 29. Nd3 Qc6 30. Nxb4 cxb4 31. Bd4 f6 32. f4 a5 33. Ra1 Rb7 34. Qe2 Re8 35. Qf3 e5 36. fxe5 fxe5 37. Bb2 Rf7 38. Qg4 Rf2 39. Re1 Rd2 40. Ba1 Rf8 41. Bxe5 Rf7 42. Bd4 h5 43. Qh3 Rff2 44. Nb6 Ng5 45. Qc8+ Qxc8 46. Nxc8 Rxg2+ 0-1

[Event "II Open Internacional Ateneo Marítimo (60 Aniversario)"]
[Site "C/La reina 68 (Valencia), Spain"]
[Date "2018.09.15"]
[Round "5.4"]
[White "Granero Roca, Antonio"]
[Black "Garcia, Jhoel"]
[Result "0-1"]
[TimeControl "7m+3s por jugada"]
[WhiteFideId "2210509"]
[BlackFideId "3801110"]
[WhiteElo "2370"]
[BlackElo "2250"]

1. d4 Nf6 2. c4 e6 3. Nf3 b6 4. g3 Ba6 5. b3 d5 6. cxd5 exd5 7. Bg2 Be7 8. O-O O-O 9.
Bb2 Bb7 10. Nc3 Nbd7 11. Ne5 c6 12. Rc1 Rc8 13. Qd2 Nxe5 14. dxe5 Nd7 15. Bh3 Ra8 16. f4 a5 17. e4 d4 18. Nd1 Bb4 19. Qc2 Ba6 20. Rf2 Nc5 21. a3 d3 22. Qb1 Be1 23. b4 axb4 24. axb4 Nxe4 25.
Rf3 d2 26. Qxe4 dxc1=Q 27. Bxc1 Qxd1 0-1

[Event "II Open Internacional Ateneo Marítimo (60 Aniversario)"]
[Site "C/La reina 68 (Valencia), Spain"]
[Date "2018.09.15"]
[Round "5.5"]
[White "Chernikov, Vladimir"]
[Black "Fenollar Jorda, Manuel"]
[Result "1-0"]
[TimeControl "7m+3s por jugada"]
[WhiteFideId "14112914"]
[BlackFideId "2217104"]
[WhiteElo "2158"]
[BlackElo "2342"]

1. Nf3 d5 2. b3 Nf6 3. Bb2 e6 4. d4 c5 5. e3 Nc6 6. Be2 Be7 7.
O-O O-O 8. dxc5 Bxc5 9. c4 dxc4 10. Bxc4 a6 11. a3 b5 12. Bd3 Bb7 13. b4 Be7 14. Qb3 Qb6 15. Nbd2 Rfd8 16.
Rfd1 Rd7 17. Ne4 Rad8 18. Rac1 Nxe4 19. Bxe4 Rxd1+ 20. Rxd1 Rxd1+ 21. Qxd1 f5 22. Qd7 fxe4 23. Qe8+ Bf8 24. Qxe6+ Kh8 25. Ng5 h6 26. Qxh6+ 1-0

[Event "II Open Internacional Ateneo Marítimo (60 Aniversario)"]
[Site "C/La reina 68 (Valencia), Spain"]
[Date "2018.09.15"]
[Round "5.6"]
[White "Leon Colan, Carlos Edmundo"]
[Black "Camarena Gimenez, Rufino"]
[Result "0-1"]
[TimeControl "7m+3s por jugada"]
[WhiteFideId "3810364"]
[BlackFideId "2211106"]
[WhiteElo "1975"]
[BlackElo "2339"]

1. d4 Nf6 2. g3 g6 3. Bg2 Bg7 4.
e4 d6 5. Ne2 O-O 6. c3 e5 7.
O-O Qe7 8. f3 b6 9. Be3 Ba6 10. Re1 c5 11. Na3 cxd4 12. cxd4 Nc6 13. Nc2 h5 14. Rc1 Rac8 15. Qd2 d5 16. a3 dxe4 17. fxe4 exd4 18. Nexd4 Nxd4 19. Bxd4 Rfd8 20. Nb4 Rxc1 21. Rxc1 Nxe4 22. Nc6 Bxd4+ 23. Nxd4 Nxd2 24. Nc6 0-1

[Event "II Open Internacional Ateneo Marítimo (60 Aniversario)"]
[Site "C/La reina 68 (Valencia), Spain"]
[Date "2018.09.15"]
[Round "5.7"]
[White "Roca Galarza, Jose"]
[Black "Nieves Cabanes, Jose Manuel"]
[Result "0-1"]
[TimeControl "7m+3s por jugada"]
[WhiteFideId "2220768"]
[BlackFideId "22245715"]
[WhiteElo "2330"]
[BlackElo "2278"]

1. Nf3 Nf6 2. c4 e6 3. g3 b6 4. Bg2 Bb7 5. O-O Be7 6. Nc3 c5 7. d4 cxd4 8. Qxd4 Nc6 9. Qf4 O-O 10. Rd1 Qb8 11. Qxb8 Raxb8 12. Bf4 Rbd8 13. Bc7 Rc8 14. Bd6 Bxd6 15. Rxd6 Ne7 16. b3 Nf5 17. Rd3 d5 18. cxd5 Nxd5 19. Nxd5 Bxd5 20. Rd2 h5 21. Ne5 Bxg2 22. Kxg2 f6 23. Nf3 Rfd8 24. Rad1 Rxd2 25. Rxd2 Rc7 26. e4 Ne7 27.
Kf1 Kf7 28. Ke2 e5 29. Kd3 Ke6 30. Rc2 Rd7+ 31. Ke3 Rd6 32.
Rc7 a5 33. Nd2 b5 34. a4 bxa4 35. bxa4 Rc6 36. Ra7 Rc3+ 37. Ke2 Nc6 38.
Rxg7 Nd4+ 39. Kd1 Ra3 40. Kc1 Rxa4 41. Rh7 Ra1+ 42. Kb2 Re1 43. Rxh5 Re2 44. Kc3 Rxf2 45. Rh8 a4 46.
h4 a3 47. Ra8 Rg2 48. Ra6+ Kf7 49. Nc4 Rxg3+ 50. Kb4 Nc2+ 51. Kc5 Rc3 52. Ra7+ Kg6 53. Kb5 Nd4+ 54. Kc5 Nc2 55. Kd5 a2 56.
h5+ Kxh5 0-1

[Event "II Open Internacional Ateneo Marítimo (60 Aniversario)"]
[Site "C/La reina 68 (Valencia), Spain"]
[Date "2018.09.15"]
[Round "6.1"]
[White "Kovacevic, Slobodan"]
[Black "Plaskett, H James"]
[Result "1-0"]
[TimeControl "7m+3s por jugada"]
[WhiteFideId "902152"]
[BlackFideId "400238"]
[WhiteElo "2252"]
[BlackElo "2450"]

1. d4 Nf6 2. Nf3 g6 3. Bg5 Bg7 4. Nbd2 O-O 5. c3 d6 6. e4 Nc6 7. Bb5 h6 8. Bh4 Bd7 9. O-O Nh5 10. Re1 Qe8 11. a4 a6 12. Bf1 e5 13. dxe5 Nxe5 14. Nxe5 Qxe5 15. f3 Be6 16. Kh1 Rae8 17. Bf2 Qg5 18.
Nc4 Kh8 19. Ne3 f5 20. exf5 gxf5 21.
Nd5 Qd8 22. Qd2 c6 23. Bb6 Qd7 24.
Nc7 Re7 25. Nxe6 Rxe6 26. Rxe6 Qxe6 27. Re1 Qg6 28. Re7 c5 29.
a5 Be5 30. Bxc5 Bxh2 31. Kxh2 dxc5 32. Qe3 Qd6+ 33. Kg1 Nf6 34. Qxh6+ 1-0

[Event "II Open Internacional Ateneo Marítimo (60 Aniversario)"]
[Site "C/La reina 68 (Valencia), Spain"]
[Date "2018.09.15"]
[Round "6.2"]
[White "Cruz Lledo, Pablo"]
[Black "Garcia, Jhoel"]
[Result "1-0"]
[TimeControl "7m+3s por jugada"]
[WhiteFideId "2297361"]
[BlackFideId "3801110"]
[WhiteElo "2436"]
[BlackElo "2250"]

1. d4 Nf6 2. Nf3 e6 3. g3 b6 4. Bg2 Bb7 5. O-O c5 6.
dxc5 Bxc5 7. b3 Be7 8. c4 O-O 9. Bb2 d6 10. Nc3 a6 11. Qc2 Nbd7 12. Rad1 Qc7 13. Qb1 Rac8 14. Qa1 Qb8 15. Rfe1 Rfd8 16. Nh4 Bxg2 17. Nxg2 b5 18.
cxb5 axb5 19. a4 bxa4 20. bxa4 Nc5 21. Nf4 d5 22. Nd3 Qb6 23. a5 Qa6 24. Nxc5 Bxc5 25. Qa4 Rb8 26. Ba3 Rdc8 27.
Rb1 Rxb1 28. Rxb1 Ba7 29. Nb5 Ne4 30. e3 Rb8 31.
Rb3 Rc8 32. Nxa7 Qxa7 33. a6 h5 34. Rb7 Qa8 35. Qd7 Ng5 36. h4 Rd8 37. Qe7 Qxa6 38. hxg5 1-0

[Event "II Open Internacional Ateneo Marítimo (60 Aniversario)"]
[Site "C/La reina 68 (Valencia), Spain"]
[Date "2018.09.15"]
[Round "6.3"]
[White "Valmana Canto, Jaime"]
[Black "Nieves Cabanes, Jose Manuel"]
[Result "1-0"]
[TimeControl "7m+3s por jugada"]
[WhiteFideId "2268990"]
[BlackFideId "22245715"]
[WhiteElo "2340"]
[BlackElo "2278"]

1. e4 e5 2. Nf3 Nc6 3. Bb5 a6 4. Bxc6 dxc6 5. O-O Bg4 6.
h3 h5 7. d3 Qf6 8. Nbd2 g5 9. Re1 Bxf3 10. Qxf3 Qxf3 11. Nxf3 f6 12. Be3 O-O-O 13. Rad1 c5 14. h4 g4 15. Nd2 Bd6 16. f3 Ne7 17. fxg4 hxg4 18. g3 Nc6 19. Rf1 Be7 20. Rf2 Nb4 21. Nc4 b5 22. Na5 Kd7 23. a3 Nc6 24. Nb7 Rb8 25.
Nxc5+ Bxc5 26. Bxc5 Ke6 27. Rdf1 Rh6 28. Be3 Rg6 29. h5 Rg7 30. Rxf6+ Kd7 31. h6 Re7 32. Bc5 Rh7 33. Rf7+ Rxf7 34. Rxf7+ Ke6 35. Rxc7 Nd8 36. h7 Nf7 37. Rc6+ Kd7 38. Rxa6 Rh8 39. Rg6 Rxh7 40. Rxg4 Rh6 41. Kg2 Rf6 42. Rg8 Nd8 43. Rg7+ Kc6 44. Be7 1-0

[Event "II Open Internacional Ateneo Marítimo (60 Aniversario)"]
[Site "C/La reina 68 (Valencia), Spain"]
[Date "2018.09.15"]
[Round "6.4"]
[White "Camarena Gimenez, Rufino"]
[Black "Chernikov, Vladimir"]
[Result "0-1"]
[TimeControl "7m+3s por jugada"]
[WhiteFideId "2211106"]
[BlackFideId "14112914"]
[WhiteElo "2339"]
[BlackElo "2158"]

1. d4 Nf6 2. c4 b6 3. d5 e6 4. a3 Bb7 5. Nc3 d6 6. Nf3 Qe7 7. g3 g6 8. Bg2 Bg7 9. O-O O-O 10. Nd4 e5 11. Nc6 Qd7 12. Nxb8 Raxb8 13. e4 Ne8 14. Be3 f5 15. exf5 gxf5 16. f4 Qf7 17. Qd2 Qg6 18. Rf2 Nf6 19. fxe5 dxe5 20. Bh3 f4 21. Bxf4 exf4 22. Qxf4 Nxd5 23. Nxd5 Bxd5 24. cxd5 Rxf4 25. Rxf4 Rf8 26. Be6+ Kh8 27. Raf1 Rxf4 28. Rxf4 Qb1+ 29. Kg2 Qxb2+ 30. Kh3 Qxa3 31. Rf7 Qc1 32. Rd7 Qh6+ 33. Kg2 Qd2+ 34. Kh3 Qh6+ 35. Kg2 Be5 36. h4 a5 37. Kf3 Qf6+ 38. Ke4 Bd6 39. g4 Qf4+ 40. Kd3 Qg3+ 41. Kc4 Qxh4 42. Kb5 Qf2 43. Rd8+ Bf8 44. g5 Qc5+ 45. Ka6 Qe7 46. Rd7 Qxg5 47. Rxc7 a4 48. Rc8 Kg7 49. Rc7+ Kh6 50. Rf7 Qd8 51. Bf5 Kg5 52.
Bxh7 a3 53. Bb1 Qd6 54. Rf5+ Kg4 55. Rf2 Qc5 56. Rc2 Qa5+ 57. Kb7 Bc5 58.
Kc6 Qb4 59. Ba2 Qa4+ 0-1

[Event "II Open Internacional Ateneo Marítimo (60 Aniversario)"]
[Site "C/La reina 68 (Valencia), Spain"]
[Date "2018.09.15"]
[Round "6.5"]
[White "Castella Garcia, Fausto"]
[Black "Cebrian Martinez, Antonio"]
[Result "1-0"]
[TimeControl "7m+3s por jugada"]
[WhiteFideId "3501922"]
[BlackFideId "2231646"]
[WhiteElo "2326"]
[BlackElo "1955"]

1. e4 d5 2. exd5 Qxd5 3. Nf3 Nf6 4. d4 c6 5. c4 Qa5+ 6. Nc3 Bg4 7. h3 Bh5 8. Be2 Ne4 9. O-O Nxc3 10. bxc3 e6 11. Bf4 Nd7 12. Rb1 b6 13. c5 b5 14. c4 a6 15. a4 Qxa4 16. Qxa4 bxa4 17. Rb7 Be7 18. Rxd7 Kxd7 19. Ne5+ Kc7 20. Bxh5 g5 21. Bh2 f6 22. Ng6+ Kd7 23. Nxh8 Rxh8 24. Ra1 a5 25. Rxa4 Ra8 26. Bd1 Ra7 27. Ra1 Bd8 28. Ba4 Rb7 29. d5 exd5 30. cxd5 1-0

[Event "II Open Internacional Ateneo Marítimo (60 Aniversario)"]
[Site "C/La reina 68 (Valencia), Spain"]
[Date "2018.09.15"]
[Round "6.6"]
[White "Torres Sanchez, Jose"]
[Black "Carbonell Sancho, Marc"]
[Result "1-0"]
[TimeControl "7m+3s por jugada"]
[WhiteFideId "2217210"]
[BlackFideId "32029969"]
[WhiteElo "2290"]
[BlackElo "2051"]

1. e4 c5 2. Nf3 Nc6 3. Bc4 g6 4. O-O Bg7 5. c3 e6 6. d4 cxd4 7. Nxd4 Nxd4 8. cxd4 Nf6 9. e5 Ne4 10. Re1 d5 11.
Bb5+ Kf8 12. f3 Qb6 13. Na3 Bxe5 14. fxe4 Bxd4+ 15. Kh1 Bc5 16. Bh6+ Ke7 17. exd5 Bxa3 18. bxa3 Qxb5 19. Qd4 f6 20.
Bg7 e5 21. Bxf6+ Kxf6 22. Qxe5+ Kf7 23. Qxh8 Qxd5 24. Qxh7+ Kf6 25. Qe7+ Kf5 26. Rad1 Qc4 27. Qe5+ Kg4 28. Rd4+ 1-0

[Event "II Open Internacional Ateneo Marítimo (60 Aniversario)"]
[Site "C/La reina 68 (Valencia), Spain"]
[Date "2018.09.15"]
[Round "6.7"]
[White "Sanchez Saez, Francisco"]
[Black "Campos Gambuti, Luis Maria"]
[Result "1-0"]
[TimeControl "7m+3s por jugada"]
[WhiteFideId "2231743"]
[BlackFideId "2226979"]
[WhiteElo "2332"]
[BlackElo "2382"]

1. e4 Nf6 2. Nc3 d6 3. d4 Nbd7 4. Bg5 e5 5. dxe5 dxe5 6. Bc4 c6 7. Nf3 h6 8. Bh4 Bb4 9. Qe2 Qe7 10. O-O g5 11. Bg3 Bxc3 12. bxc3 Nh5 13. Nxe5 Nxg3 14. Bxf7+ Qxf7 15. fxg3 Nxe5 16. Rxf7 Nxf7 17. Rf1 Be6 18. Rf6 Ke7 19. e5 Rhf8 20. h4 gxh4 21. gxh4 Rad8 22. Qf2 b6 23.
Rxe6+ Kxe6 24. Qf6+ Kd5 25. e6 Ne5 26. e7 Rxf6 27. exd8=Q+ Rd6 28. Qg8+ Ke4 29. Qh7+ Kf4 30. g3+ Kxg3 31. Qg7+ Ng4 32. Qc7 1-0

[Event "II Open Internacional Ateneo Marítimo (60 Aniversario)"]
[Site "C/La reina 68 (Valencia), Spain"]
[Date "2018.09.15"]
[Round "7.1"]
[White "Kovacevic, Slobodan"]
[Black "Cruz Lledo, Pablo"]
[Result "1/2-1/2"]
[TimeControl "7m+3s por jugada"]
[WhiteFideId "902152"]
[BlackFideId "2297361"]
[WhiteElo "2252"]
[BlackElo "2436"]

1. d4 d5 2. Bf4 e6 3. Nf3 Bd6 4. Bg3 Ne7 5. e3 Nf5 6. Bxd6 Nxd6 7. Nbd2 Nd7 8. Bd3 O-O 9. O-O b6 10. e4 dxe4 1/2-1/2

[Event "II Open Internacional Ateneo Marítimo (60 Aniversario)"]
[Site "C/La reina 68 (Valencia), Spain"]
[Date "2018.09.15"]
[Round "7.2"]
[White "Plaskett, H James"]
[Black "Castella Garcia, Fausto"]
[Result "1-0"]
[TimeControl "7m+3s por jugada"]
[WhiteFideId "400238"]
[BlackFideId "3501922"]
[WhiteElo "2450"]
[BlackElo "2326"]

1. e4 c5 2. Nc3 Nc6 3. Bb5 Nd4 4. Bc4 g6 5. f4 d6 6. Nf3 Bg7 7. O-O Nf6 8.
d3 Bg4 9. Be3 Bxf3 10. gxf3 O-O 11. f5 e6 12. fxe6 fxe6 13. Bxd4 cxd4 14. Bxe6+ Kh8 15. Ne2 Nh5 16. Bg4 Qg5 17.
Kh1 Be5 18. Bxh5 gxh5 19. f4 Bxf4 20.
Nxf4 Rxf4 21. Rxf4 Qxf4 22. Qxh5 Rg8 23. Qe2 Rf8 24. Rg1 Qh4 25. Qg2 Qf6 26.
Qg4 a6 27. h3 b5 28. Rg2 Qf1+ 29. Kh2 Qf6 30. a3 Qe5+ 31. Kg1 Qf6 32. h4 Qf1+ 33. Kh2 Qf6 34. Rg3 Qf2+ 35. Rg2 Qf6 36. Kh3 Qe5 37. Qg5 Qe6+ 38. Kh2 Qf7 39. b4 Re8 40. h5 Re5 41. Qd8+ Re8 42. Qh4 Rf8 43. h6 Qe6 44. Qg5 Qe5+ 45. Kg1 Qxg5 46. Rxg5 Rf6 47. Rh5 Kg8 48. Kg2 Kf7 49. Rd5 Ke6 50. Rxd4 Rxh6 51. Rd5 Rg6+ 52. Kf2 Rf6+ 53. Ke2 Rh6 54. Kd2 Rh2+ 55. Kc3 h5 56.
Rg5 h4 57. Rh5 h3 58. Kd4 Rxc2 59. Rh6+ Ke7 60. Rxh3 Ra2 61. Kd5 Rxa3 62. Rh7+ Kd8 63. d4 Rd3 64. Ra7 Kc8 65. Rxa6 Rb3 66. Rxd6 Rxb4 67. e5 Rb1 68. e6 Re1 69. Rb6 1-0

[Event "II Open Internacional Ateneo Marítimo (60 Aniversario)"]
[Site "C/La reina 68 (Valencia), Spain"]
[Date "2018.09.15"]
[Round "7.3"]
[White "Chernikov, Vladimir"]
[Black "Valmana Canto, Jaime"]
[Result "1-0"]
[TimeControl "7m+3s por jugada"]
[WhiteFideId "14112914"]
[BlackFideId "2268990"]
[WhiteElo "2158"]
[BlackElo "2340"]

1. Nf3 Nf6 2. b3 d6 3. d4 Nbd7 4. Bb2 c5 5. e3 e6 6.
Bd3 Be7 7. O-O O-O 8. c4 b6 9. Nbd2 Bb7 10. Qc2 cxd4 11. exd4 Rc8 12. Rac1 Re8 13. Rfe1 Nf8 14. Ne4 b5 15. Qb1 bxc4 16. bxc4 Rb8 17. Nxf6+ Bxf6 18. Nd2 Bxd4 19. Bxd4 Qg5 20. g3 Qxd2 21. Bxa7 Ra8 22. Be3 Qxa2 23. Qxb7 Reb8 24. Qf3 Nd7 25. Bd4 e5 26. Ra1 exd4 27. Rxa2 Rxa2 28. Qe4 Nf6 29. Qxd4 Rd8 30. c5 d5 31. c6 Rc8 32. Qb6 g6 33. Qb7 Raa8 34. Ba6 Rcb8 35. c7 1-0